 Dungeon Crawl Stone Soup version 0.29-a0-575-g0dc89cf053 (webtiles) character file.

Game seed: 15243528089936636216

59083 KristoblXynda the Carver (level 14, -1/132 HPs)
             Began as a Red Draconian Gladiator on June 13, 2022.
             Was the Champion of Okawaru.
             Slain by a polar bear (6 damage)
             ... on level 6 of the Lair of Beasts.
             The game lasted 00:31:41 (31918 turns).

KristoblXynda the Carver (Red Draconian Gladiator) Turns: 31918, Time: 00:31:41

Health: -1/132     AC: 14    Str: 24    XL:     14   Next: 51%
Magic:  14/14      EV:  2    Int: 12    God:    Okawaru [******]
Gold:   1209       SH:  0    Dex: 16    Spells: 10/13 levels left

rFire   + . .      SeeInvis .   x - +3 scimitar (flame)
rCold   . . .      Faith    .   (no shield)
rNeg    . . .      Spirit   .   (body armour unavailable)
rPois   .          Reflect  .   p - +2 hat {Stlth+}
rElec   .          Harm     .   H - +0 cloak {Will+}
rCorr   .          Rampage  .   c - +2 pair of gloves of the Cuttlefish {Dex+3}
Will    ++...                   (no boots)
Stlth   ++........              (no amulet)
HPRegen 0.32/turn               e - +4 ring of evasion
MPRegen 0.14/turn               P - +6 ring of strength

@: short of breath, sleeping
A: breathe fire, AC +8, unfitting armour, fire resistance 1, cold-blooded
a: Breathe Fire, Renounce Religion, Heroism, Finesse, Duel


You were on level 6 of the Lair of Beasts.
You worshipped Okawaru.
Okawaru was exalted by your worship.
You visited 3 branches of the dungeon, and saw 20 of its levels.
You also visited: Ossuary.

You collected 1209 gold pieces.

Inventory:

Hand Weapons
 x - a +3 scimitar of flaming (weapon)
Missiles
 a - 12 javelins (quivered)
 C - 2 throwing nets
 K - 2 silver javelins
Armour
 c - the +2 pair of gloves of the Cuttlefish (worn) {Dex+3}
   (Okawaru gifted it to you on level 1 of the Lair of Beasts)

   Dex:       It affects your dexterity (+3).
 p - a +2 hat of stealth (worn)
 H - a +0 cloak of willpower (worn)
 R - the +3 kite shield "Guennim" {*Corrode rElec rF+ Int+2}
   (Okawaru gifted it to you on level 6 of the Lair of Beasts)

   Int:       It affects your intelligence (+2).
   rF:        It protects you from fire.
   rElec:     It insulates you from electricity.
   *Corrode:  It may corrode you when you take damage.
Jewellery
 e - a +4 ring of evasion (left hand)
 o - a ring of wizardry
 L - a ring of positive energy
 P - a +6 ring of strength (right hand)
Wands
 i - a wand of mindburst (22)
 q - a wand of acid (1)
 E - a wand of digging (6)
 F - a wand of paralysis (13)
Scrolls
 b - 2 scrolls of fog
 g - 3 scrolls of blinking
 j - 3 scrolls of teleportation
 u - 2 scrolls of enchant weapon
 w - a scroll of fear
 y - 3 scrolls of amnesia
 G - 5 scrolls of poison
 I - a scroll of magic mapping
 N - 2 scrolls of identify
 O - a scroll of enchant armour
 Q - a scroll of immolation
Potions
 f - 6 potions of haste
 h - 3 potions of curing
 k - a potion of lignification
 l - a potion of ambrosia
 m - 7 potions of brilliance
 n - 2 potions of berserk rage
 r - 2 potions of magic
 s - 2 potions of mutation
 v - 3 potions of flight
 z - 4 potions of might
 A - 2 potions of cancellation
 B - a potion of invisibility
 D - 2 potions of attraction
 J - a potion of resistance
Miscellaneous
 d - a phantom mirror
 M - a tin of tremorstones (inert)


   Skills:
 + Level 14.3 Fighting
 + Level 14.9 Long Blades
 - Level 2.0 Throwing
 + Level 12.3 Dodging
 + Level 2.2 Shields
 + Level 4.6 Air Magic
 - Level 10.0 Evocations


You had 10 spell levels left.
You knew the following spells:

 Your Spells              Type           Power      Damage    Failure   Level
a - Swiftness             Air            11%        N/A       14%         3

Your spell library contained the following spells:

 Spells                   Type           Power      Damage    Failure   Level
 Shock                    Conj/Air       20%        1d4       13%         1
 Poisonous Vapours        Pois/Air       10%        N/A       19%         2
 Ensorcelled Hibernation  Hex/Ice        0%         N/A       45%         2
 Passwall                 Tmut/Erth      0%         N/A       45%         2
 Confusing Touch          Hex            0%         N/A       69%         3
 Dazzling Flash           Conj/Hex       0%         N/A       69%         3
 Spider Form              Tmut/Pois      0%         N/A       69%         3
 Corpse Rot               Necr/Pois/Air  3%         N/A       87%         4
 Anguish                  Hex/Necr       0%         N/A       97%         4
 Dispel Undead            Necr           0%         3d6       97%         4
 Iskenderun's Mystic Bla  Conj/Tloc      0%         2d3       97%         4
 Yara's Violent Unravell  Hex/Tmut       0%         3d3       100%        5
 Starburst                Conj/Fire      0%         6d3       100%        6
 Enfeeble                 Hex            0%         N/A       100%        7
 Death Channel            Necr           Unusable   N/A       N/A         6

Dungeon Overview and Level Annotations

Branches:
Dungeon (13/15)            Temple (1/1) D:6            Lair (6/6) D:8
 Shoals (0/4) Lair:2       Spider (0/4) Lair:2        Slime (0/5) Lair:5
    Orc (0/2) D:12         Vaults (0/5) D:13        Ossuary (visited)

Altars:
Ashenzari
Cheibriados
Dithmenos
Elyvilon
Fedhas
Gozag
Hepliaklqana
Kikubaaqudgha
Makhleb
Nemelex Xobeh
Okawaru
Qazlal
Ru
Sif Muna
Trog
Uskayaw
Vehumet
Wu Jian
Xom
Yredelemnul
Zin
The Shining One

Annotations:
D:12 exclusion: obsidian statue


Innate Abilities, Weirdness & Mutations

You can breathe blasts of fire.
Your fiery red scales are hard. (AC +8)
You cannot fit into any form of body armour.
Your flesh is heat resistant. (rF+)
You are cold-blooded and may be slowed by cold attacks.


Message History

The burst of rock shards engulfs the black bear!
You kill the black bear!
Okawaru accepts your kill. The burst of rock shards engulfs you!
* * * LOW HITPOINT WARNING * * *
The burst of rock shards engulfs the dream sheep!!
The burst of rock shards engulfs the polar bear!
The burst of rock shards engulfs the death yak!
The burst of rock shards engulfs the death yak.
The tin is emptied!
You hear a howl! x2
The polar bear goes berserk!
The death yak is engulfed in blazing flames.
The death yak gores you!
* * * LOW HITPOINT WARNING * * *
Your Shields skill increases to level 2!
Unknown command.
Unknown command.
Unknown command.
As you read the scroll of fear, it crumbles to dust.
You assume a fearsome visage.
The wolf looks frightened!
The seven-headed hydra looks frightened!
The wolf looks frightened!
The black bear looks frightened!
The polar bear is unaffected.
The death yak resists with almost no effort.
The death yak looks frightened!
The death yak resists with almost no effort.
The dream sheep looks frightened!
The dream sheep panics and turns to flee.
A dream sheep comes into view.
The dream sheep shake their wool and sparkle.
You feel drowsy...
You fall asleep.
A black bear comes into view.
The death yak is engulfed in blazing flames.
You kill the death yak!
Okawaru accepts your kill.
You hear a bark!
You hear an angry growl.
You hear a bellow!
A warg comes into view.
The polar bear completely misses you. The polar bear claws you.
You die...

#hhhhh.... #h..# . ##.###
### .... #hh#####.#### ....
##hh#h#.†.#.### ....
#hh..h.D..h.Y## ...
#hh..hhhh..÷.h### .# .
##.#...D#h#Y.Y..# ##..
####.##†#@##..## .....
#########..### ...P..
#####.#..†#....#
...P..###....#....†...#....
..##..P#.........†..#.# .h.
...# #.P#.....#.#.#.##P# ..
...###..P#...######## #P# .
...##.P...#### ##
..#.#.....##


You could see a death yak (fleeing), a seven-headed hydra (fleeing), a polar
bear (berserk), a warg, 2 black bears, 2 wolves and 2 dream sheep.

Vanquished Creatures
  2 slime creatures (D:12)
  5 hydras
  A centaur warrior (D:11)
  2 vault guards (D:13)
  4 two-headed ogres
  An alligator (Lair:6)
  Erica (D:8)
  A catoblepas (Lair:5)
  6 death yaks
  Urug (D:10)
  Amaemon (Lair:3)
  A cyclops (D:11)
  2 manticores
  6 elephants (Lair:3)
  15 cane toads
  4 black mambas
  Maggie (D:8)
  An orange demon (Lair:3)
  9 komodo dragons
  3 rime drakes
  3 kobold demonologists (D:9)
  6 trolls
  6 polar bears
  A hornet (D:10)
  A wind drake (Lair:2)
  20 blink frogs
  4 raiju (Lair:6)
  A dream sheep (Lair:6)
  An air elemental (D:12)
  Sigmund (D:3)
  2 culicivoras (Lair:2)
  5 jumping spiders (Lair:2)
  A water elemental (D:12)
  A wraith (D:10)
  A shadow (D:12)
  8 wyverns
  39 yaks
  11 basilisks
  A fire elemental (D:12)
  Grum (D:8)
  7 vampire mosquitoes
  A redback (Lair:2)
  A steam dragon (D:9)
  2 wargs (Lair:6)
  2 acid dragons
  12 hell hounds (Lair:6)
  12 water moccasins
  10 orc warriors
  9 black bears
  A hornet zombie (D:7)
  An ice beast (D:5)
  7 ogres
  6 centaurs
  29 wolves
  5 elf zombies (Ossuary)
  6 kobold brigands
  4 gnoll sergeants
  2 necrophages
  14 bullfrogs
  An earth elemental (D:12)
  2 scorpions
  4 wights
  6 killer bees (D:10)
  2 howler monkeys (D:6)
  4 electric eels (D:8)
  A centaur zombie (Ossuary)
  7 hounds
  13 orc priests
  A jelly (D:7)
  6 human zombies (Ossuary)
  3 iguanas
  11 orc wizards
  3 mummies (Ossuary)
  Robin (D:3)
  12 gnolls
  9 adders
  3 shadow imps
  A white imp (D:6)
  A dart slug (D:3)
  62 orcs
  7 endoplasms
  4 giant cockroaches
  13 goblins
  8 hobgoblins
  2 quokkas
  3 ball pythons
  7 bats
  2 frilled lizards
  10 kobolds
  A quokka zombie (D:4)
  A rat (D:1)
  A rat zombie (D:4)
524 creatures vanquished.

Vanquished Creatures (others)
  An orc (D:8)
  25 fungi
  41 plants
  3 withered plants (D:7)
70 creatures vanquished.

Grand Total: 594 creatures vanquished

Notes
Turn   | Place    | Note
-------+----------+-------------------------------------------
     0 | D:1      | KristoblXynda the Draconian Gladiator began the quest for
                  | the Orb.
     0 | D:1      | Reached XP level 1. HP: 17/17 MP: 1/1
   420 | D:1      | Reached XP level 2. HP: 20/25 MP: 2/2
  1056 | D:2      | Found a glowing golden altar of the Shining One.
  1159 | D:2      | Reached XP level 3. HP: 23/30 MP: 3/3
  1746 | D:3      | Noticed Sigmund
  2093 | D:3      | Killed Sigmund
  2094 | D:3      | Reached XP level 4. HP: 19/39 MP: 4/4
  2094 | D:3      | Reached XP level 5. HP: 22/45 MP: 5/5
  2592 | D:3      | Found a stormy altar of Qazlal.
  2634 | D:3      | Reached skill level 5 in Long Blades
  2736 | D:3      | Found a faded altar of an unknown god.
  2740 | D:3      | Noticed Robin
  2743 | D:3      | Found an iron altar of Okawaru.
  3137 | D:4      | Noticed an ogre
  3150 | D:4      | Killed an ogre
  3151 | D:4      | Reached XP level 6. HP: 34/52 MP: 6/6
  3293 | D:4      | Found a sand-covered staircase.
  3309 | Ossuary  | Entered an ossuary
  3572 | Ossuary  | Your scales start taking on a fiery red colour.
  3572 | Ossuary  | Reached XP level 7. HP: 54/60 MP: 7/7
  3572 | Ossuary  | Gained mutation: Your flesh is heat resistant. (rF+) [Red
                  | Draconian growth]
  3651 | Ossuary  | Reached skill level 5 in Fighting
  4162 | D:4      | Reached skill level 5 in Dodging
  4162 | D:4      | Reached XP level 8. HP: 35/69 MP: 8/8
  4754 | D:5      | Entered Level 5 of the Dungeon
  4840 | D:3      | Killed Robin
  4860 | D:3      | Became a worshipper of Warmaster Okawaru
  6345 | D:6      | Reached * piety under Okawaru
  6781 | D:6      | Reached XP level 9. HP: 40/78 MP: 9/9
  7237 | D:6      | Found a glowing golden altar of the Shining One.
  7243 | D:6      | Found a staircase to the Ecumenical Temple.
  7573 | D:6      | Found a hazy altar of Hepliaklqana.
  7959 | Temple   | Entered the Ecumenical Temple
  8042 | D:7      | Reached ** piety under Okawaru
  8760 | D:7      | Noticed a two-headed ogre
  8782 | D:7      | Killed a two-headed ogre
  8783 | D:7      | Reached skill level 10 in Long Blades
  9316 | D:7      | Found a glowing silver altar of Zin.
  9389 | D:7      | Found an opulent altar of Gozag.
  9743 | D:8      | Noticed Maggie
  9773 | D:8      | Killed Maggie
  9774 | D:8      | Reached skill level 1 in Evocations
 10026 | D:8      | Noticed Grum
 10037 | D:8      | Reached XP level 10. HP: 86/88 MP: 10/10
 10040 | D:8      | Killed Grum
 10040 | D:8      | Reached *** piety under Okawaru
 10608 | D:8      | Found a staircase to the Lair.
 11111 | D:8      | Reached **** piety under Okawaru
 11126 | D:8      | Received a gift from Okawaru
 11264 | D:8      | Noticed Erica
 11279 | D:8      | Killed Erica
 11279 | D:8      | Reached ***** piety under Okawaru
 12519 | Lair:1   | Entered Level 1 of the Lair of Beasts
 12519 | Lair:1   | Noticed a black mamba
 12526 | Lair:1   | Killed a black mamba
 12527 | Lair:1   | Reached XP level 11. HP: 51/99 MP: 11/11
 12760 | Lair:1   | Noticed an eight-headed hydra
 13704 | D:9      | Noticed a two-headed ogre
 13710 | D:9      | Killed a two-headed ogre
 13711 | D:9      | Reached skill level 5 in Evocations
 14119 | D:9      | Reached skill level 10 in Fighting
 14734 | D:9      | Found a shimmering blue altar of Sif Muna.
 14750 | D:9      | Got Sif Muna's Reference Book on Conjuration and
                  | Weightlessness
 15173 | D:9      | Received a gift from Okawaru
 15308 | D:10     | Entered Level 10 of the Dungeon
 15316 | D:10     | Noticed a two-headed ogre
 15329 | D:10     | Killed a two-headed ogre
 15685 | D:10     | Received a gift from Okawaru
 16284 | D:10     | Noticed Urug
 16291 | D:10     | Killed Urug
 16651 | D:10     | You fall into a shaft and drop 1 floor!
 16675 | D:11     | Noticed a six-headed hydra
 16683 | D:11     | Killed a two-headed hydra
 16901 | D:11     | Identified a scroll of acquirement
 16901 | D:11     | Acquired a +1 hat of stealth
 16975 | D:11     | Noticed a centaur warrior
 16985 | D:11     | Killed a centaur warrior
 17299 | D:11     | Reached ****** piety under Okawaru
 17300 | D:11     | Reached XP level 12. HP: 41/110 MP: 12/12
 17707 | D:11     | Received a gift from Okawaru
 18325 | D:11     | Noticed a two-headed ogre
 18330 | D:11     | Killed a two-headed ogre
 18828 | D:12     | Found a large runed translucent door.
 18828 | D:12     | Found a large runed translucent door.
 18840 | D:12     | Paralysed by an air elemental for 1 turns
 18849 | D:12     | Paralysed by an air elemental for 1 turns
 20083 | D:12     | Found a staircase to the Orcish Mines.
 20089 | D:12     | Reached skill level 10 in Dodging
 21130 | D:13     | Found a gate to the Vaults.
 21130 | D:13     | Noticed a vault guard
 21130 | D:13     | Noticed a vault guard
 21130 | D:13     | Noticed a vault guard
 21132 | D:13     | Noticed a vault guard
 21133 | D:13     | Noticed a vault guard
 21133 | D:13     | Noticed a vault guard
 21133 | D:13     | Noticed a vault guard
 21133 | D:13     | Noticed a vault guard
 21141 | D:13     | Killed a vault guard
 21147 | D:13     | Killed a vault guard
 21678 | Lair:1   | Killed a six-headed hydra
 22172 | Lair:1   | Identified the +2 pair of gloves of the Cuttlefish {Dex+3}
                  | (Okawaru gifted it to you on level 1 of the Lair of Beasts)
 22172 | Lair:1   | Received a gift from Okawaru
 22384 | Lair:1   | Learned a level 3 spell: Swiftness
 23061 | Lair:2   | Found a staircase to the Shoals.
 23354 | Lair:2   | Reached XP level 13. HP: 119/119 MP: 13/13
 23733 | Lair:2   | Found a hole to the Spider Nest.
 25295 | Lair:3   | Received a gift from Okawaru
 26445 | Lair:3   | Identified the +1 fustibalus of Gallantry {speed, rCorr}
 26573 | Lair:3   | Noticed Amaemon
 26581 | Lair:3   | Killed Amaemon
 27142 | Lair:3   | Received a gift from Okawaru
 28218 | Lair:4   | Reached skill level 10 in Evocations
 28553 | Lair:5   | Reached skill level 1 in Air Magic
 29341 | Lair:5   | Found a broken altar of Ashenzari.
 30060 | Lair:5   | Reached XP level 14. HP: 119/130 MP: 14/14
 30336 | Lair:5   | Found a staircase to the Slime Pits.
 30647 | Lair:6   | Entered Level 6 of the Lair of Beasts
 31308 | Lair:6   | Identified the +3 kite shield "Guennim" {*Corrode rElec rF+
                  | Int+2} (Okawaru gifted it to you on level 6 of the Lair of
                  | Beasts)
 31308 | Lair:6   | Received a gift from Okawaru
 31788 | Lair:6   | Reached skill level 1 in Shields
 31916 | Lair:6   | HP: 5/132 [death yak (15)]
 31918 | Lair:6   | Slain by a polar bear

Illustrated notes

Levels and vault maps discovered:
D:1:      tarquinn_simple_flora_water_e, layout_basic
D:2:      layout_basic, basic_altar, serial_corexii_hall,
          chequers_hall_statues_wall_a, corexii_hall_statues_x,
          corexii_hall_statues_u
D:3:      minmay_evil_eye, layout_loops_ring, nicolae_qazlal_general_emergency,
          nicolae_overflow_ecumenical_swirl, chequers_serial_rivers_micro_a,
          supply_closet_lemuel, uniq_sigmund, uniq_robin
D:4:      layout_rooms, enter_ossuary_4
D:5:      layout_rooms, kennysheep_windowed_goal
D:6:      layout_basic, mainiacjoe_overflow_24_doors, tso_oasis_becter,
          minmay_temple_entry_sparse_star
D:7:      layout_rooms, grunt_gozag_statues, zin_treasury, serial_undead,
          serial_undead_f, serial_undead_a, serial_undead_e, serial_undead_b,
          serial_undead_a, serial_undead_b, roderic_cross_of_infinity
D:8:      layout_basic, erik_lair_island, minmay_checkerbox, uniq_erica,
          uniq_grum, uniq_maggie
D:9:      layout_long_grid, led_sif_book, grunt_ministairs_3
D:10:     layout_long_grid, uniq_urug
D:11:     layout_roguey [special_room_orc], serial_curves, eino_curves_01,
          eino_curves_03
D:12:     layout_roguey, kennysheep_orc_monster_closet_entryway, minivault_16,
          lightli_elemental_guards
D:13:     layout_cave_pools, erik_vaults_2, amcnicky_mini_pool_small,
          minmay_misc_feat_hallway
Temple:   eino_wide_crystal_templ
Lair:1:   layout_chaotic_city, st_stairs_13, minivault_19
Lair:2:   layout_cave_pods, minmay_shoals_entry_beasts,
          nicolae_spider_entry_tight_spaces
Lair:3:   nzn_winding_woodlands_stair_trap
          [nzn_winding_woodlands_5x15_sidewinder,
          nzn_winding_woodlands_5x15_pool, nzn_winding_woodlands_5x15_eye,
          nzn_winding_woodlands_15x15_thick_spiral,
          nzn_winding_woodlands_5x15_parted, nzn_winding_woodlands_5x15_default,
          nzn_winding_woodlands_5x15_longhouse], layout_loops_ring, uniq_amaemon
Lair:4:   layout_loops_ring
Lair:5:   layout_regular_city, dpeg_slime_entry_corner, basic_altar,
          kennysheep_basilisk_garden, infiniplex_staircase_pool_2
Lair:6:   hangedman_lair_caniforms_friends, layout_hall_layers

Skill      XL: |  1  2  3  4  5  6  7  8  9 10 11 12 13 14 |
---------------+-------------------------------------------+-----
Throwing       | 2 |  2.0
Dodging        | 3 4 5 6 7 8 9 10 11 12 | 12.3
Fighting       | 3 4 5 6 8 9 11 12 13 14 | 14.3
Long Blades    | 4 5 6 7 8 10 11 12 13 14 | 14.9
Evocations     | 1 4 6 8 10 | 10.0
Air Magic      | 2 4 |  4.6
Shields        | 2 |  2.2

Action                   |  1- 3 |  4- 6 |  7- 9 | 10-12 | 13-15 || total
-------------------------+-------+-------+-------+-------+-------++-------
Melee: Long sword        |    75 |   165 |   416 |    28 |       ||   684
       Tailslap          |     3 |    29 |    53 |   139 |   138 ||   362
       Punch             |       |     3 |     4 |    13 |    13 ||    33
       Scimitar          |       |       |       |   797 |   704 ||  1501
Throw: Throwing net      |     2 |     2 |     1 |       |       ||     5
       Javelin           |       |       |     1 |     5 |     3 ||     9
Invok: Heroism           |       |       |       |     1 |     1 ||     2
 Abil: Breathe Fire      |       |       |    21 |    35 |    16 ||    72
Evoke: Wand              |       |       |     5 |    10 |     1 ||    16
       Tin of tremorston |       |       |       |       |     2 ||     2
  Use: Scroll            |       |     2 |    17 |    13 |     6 ||    38
       Potion            |       |       |     2 |     8 |     4 ||    14
 Stab: Sleeping          |     2 |     2 |     2 |     4 |    10 ||    20
       Held in net/web   |       |     1 |       |       |       ||     1
       Paralysed         |       |       |    11 |    16 |       ||    27
       Distracted        |       |       |       |       |     1 ||     1
Armor: Skin              |    32 |    32 |   119 |   160 |   186 ||   529
Dodge: Dodged            |    60 |    92 |   326 |   734 |   822 ||  2034

Table legend: (Time is in decaauts)
 A = Elapsed time spent in this place.
 B = Non-inter-level travel time spent in this place.
 C = Inter-level travel time spent in this place.
 D = Time resting spent in this place.
 E = Time spent auto-exploring this place.
 F = Levels seen in this place.
 G = Mean time per level.
                   A        B        C        D        E       F      G
               +--------+--------+--------+--------+--------+-----+--------+
         Total |  31627 |  30842 |    785 |  13380 |  13427 |  21 | 1506.0 |
       Dungeon |  20546 |  20004 |    542 |   9463 |   8081 |  13 | 1580.5 |
        Temple |     54 |     42 |     12 |      0 |     29 |   1 |   54.0 |
          Lair |  10272 |  10041 |    231 |   3522 |   5251 |   6 | 1712.0 |
       Ossuary |    754 |    754 |      0 |    395 |     65 |   1 |  754.0 |
               +--------+--------+--------+--------+--------+-----+--------+

Top non-repeatable levels by time:
     D:8: 2974 daAuts
  Lair:3: 2877 daAuts
    D:12: 2765 daAuts
  Lair:5: 2520 daAuts
     D:9: 2353 daAuts
     D:6: 2320 daAuts
    D:11: 2094 daAuts
  Lair:1: 1773 daAuts
  Lair:2: 1449 daAuts
     D:3: 1356 daAuts
    D:10: 1337 daAuts
     D:2: 1326 daAuts
     D:7: 1175 daAuts
     D:5: 1104 daAuts
     D:4: 976 daAuts
